 Seeded DCSS version 0.26.1-2-gb8aa6d0cf2 (webtiles) character file.

Game seed: 11550032863229859772 (custom seed)

2751 oldmanjim the Grappler (level 9, -7/88 HPs)
             Began as a Troll Monk on Feb 16, 2021.
             Was a High Priest of Jiyva.
             Mangled by a two-headed ogre
             ... wielding a +0 giant spiked club
              (12 damage)
             ... on level 8 of the Dungeon.
             The game lasted 00:29:14 (6365 turns).

oldmanjim the Grappler (Troll Monk)                 Turns: 6365, Time: 00:29:14

Health: -7/88      AC:  6    Str: 21    XL:     9   Next: 41%
Magic:  0/8        EV: 12    Int:  6    God:    Jiyva [*****.]
Gold:   144        SH:  0    Dex: 15    Spells: 8/8 levels left

rFire    x . .     SeeInvis .     - Unarmed
rCold    + . .     Faith    .   (no shield)
rNeg     + . .     Spirit   +   j - +0 robe
rPois    .         Reflect  .   (helmet restricted)
rElec    .         Harm     .   (no cloak)
rCorr    +         Rampage  .   (gloves unavailable)
Will     .....                  (boots unavailable)
Stlth    ++........             k - amulet of guardian spirit
HPRegen  1.04/turn              r - ring of ice
MPRegen  0.11/turn              z - ring of positive energy

@: no status effects
A: large, unfitting armour, claws 3, regeneration 2, shaggy fur 1, tough skin 3,
eyeballs 1, translucent skin 1
a: Renounce Religion, Request Jelly, Slimify, Cure Bad Mutation


You were on level 8 of the Dungeon.
You worshipped Jiyva.
Jiyva was extremely pleased with you.
You visited 2 branches of the dungeon, and saw 9 of its levels.

You collected 340 gold pieces.
You spent 196 gold pieces at shops.

Inventory:

Hand Weapons
 D - a +2 vorpal hand crossbow
 E - the +9 trident of the Seven Songs {freeze, rC+ Str+3 Int+3 Dex+2}
   (You found it on level 7 of the Dungeon)

   It has been specially enchanted to freeze those struck by it, causing extra
   injury to most foes and up to half again as much damage against particularly
   susceptible opponents.
   It can also slow down cold-blooded creatures.
   It affects your strength (+3).
   It affects your intelligence (+3).
   It affects your dexterity (+2).
   It protects you from cold.
Missiles
 b - 31 poisoned darts (quivered)
 C - 4 javelins
Armour
 a - a +0 robe
 j - a +0 robe (worn)
Jewellery
 k - an amulet of guardian spirit (around neck)
 r - a ring of ice (left claw)
 u - an uncursed ring of resist corrosion
 z - a ring of positive energy (right claw)
Wands
 x - a wand of enslavement (4)
 y - a wand of polymorph (9)
Scrolls
 c - 3 scrolls of blinking
 d - 7 scrolls of teleportation
 f - 2 scrolls of amnesia
 h - a scroll of noise {unknown}
 l - a scroll of magic mapping
 m - a scroll of enchant armour
 n - a scroll of immolation
 o - 3 scrolls of remove curse
 A - a scroll of fear
Potions
 e - a potion of invisibility
 g - a potion of brilliance
 i - 2 potions of lignification
 p - a potion of cancellation
 q - a potion of heal wounds
 s - 2 potions of curing
 t - a potion of resistance
 v - a potion of flight
 w - a potion of haste {unknown}
 B - a potion of mutation {unknown}


   Skills:
 - Level 5.0 Fighting
 - Level 5.0 Dodging
 - Level 1.0 Stealth
 + Level 8.7 Unarmed Combat
 + Level 5.1 Evocations


You had 8 spell levels left.
You didn't know any spells.
Your spell library contained the following spells:

 Spells                   Type           Power        Failure   Level
 Animate Skeleton         Necr           0%           45%         1
 Pain                     Necr           0%           45%         1
 Vampiric Draining        Necr           0%           83%         3
 Animate Dead             Necr           0%           99%         4
 Agony                    Necr           0%           100%        5


Dungeon Overview and Level Annotations

Branches:
Dungeon (8/15)             Temple (1/1) D:4
   Lair: D:8-11

Altars:
Ashenzari
Cheibriados
Dithmenos
Elyvilon
Fedhas
Gozag
Hepliaklqana
Kikubaaqudgha
Makhleb
Nemelex Xobeh
Okawaru
Qazlal
Ru
Sif Muna
Trog
Uskayaw
Vehumet
Wu Jian
Xom
Yredelemnul
Zin
Jiyva

Shops:
D:5 }*(?


Innate Abilities, Weirdness & Mutations

You are too large for most types of armour.
You have claws for hands.
You heal very quickly.
You are covered in fur. (AC +1)
You have extremely tough skin. (AC +3)
Your body has grown golden eyes which may confuse attackers. (Acc +3)
Your translucent skin slightly reduces your foes' accuracy. (Stealth)


Message History

The two-headed ogre hits you with a +0 giant spiked club!
The two-headed ogre closely misses you.
You scratch the two-headed ogre.
The two-headed ogre is lightly wounded.
You claw the two-headed ogre!
The two-headed ogre is moderately wounded.
You hear a shout!
The two-headed ogre hits you with a +0 giant spiked club!!
The two-headed ogre hits you with a +0 giant spiked club!
The wyvern bites you but does no damage.
You are too injured to fight recklessly!
You are too injured to fight recklessly!
You are too injured to fight recklessly!
You are too injured to fight recklessly!
You claw the wyvern!
The wyvern is heavily wounded.
The two-headed ogre hits you with a +0 giant spiked club!!
* * * LOW HITPOINT WARNING * * *
The two-headed ogre hits you with a +0 giant spiked club!
You die...

#########..........#
#.##.########.
##.#..####.....
#########..........####.
....##..........†.#.....
...J##.##...........#
...............l..### #
.......#..#..###.## .#
....####.##.## #@.#
##..# ....# #.##.#
##O#####....# ....# ..
#.# ##hoo........ ###.#
## ##.ooo........ #.#
#............. #.#
#............. ..
................
..##............. .
#.............


You could see a two-headed ogre, a wyvern (confused), a hound, 2 orc wizards and
3 orcs.

Vanquished Creatures
  Prince Ribbit (D:7)
  3 yaks (D:7)
  Sigmund (D:5)
  A shadow (D:7)
  Edmund (D:6)
  An ice beast (D:8)
  An orc warrior (D:6)
  2 phantoms (D:6)
  A necrophage (D:7)
  An ogre (D:8)
  2 bullfrogs
  3 scorpions
  4 wights (D:6)
  2 howler monkeys
  A bullfrog zombie (D:5)
  A hound (D:6)
  2 orc priests (D:7)
  2 orc wizards
  A bullfrog skeleton (D:4)
  Jessica (D:2)
  Ijyb (D:4)
  Natasha (thrice) (D:2)
  6 worker ants
  A hound zombie (D:7)
  2 worker ant zombies
  Robin (D:2)
  3 gnolls (D:5)
  9 adders
  3 white imps
  3 leopard geckos
  18 orcs
  3 giant cockroaches
  20 goblins
  9 hobgoblins
  28 jackals
  3 kobolds
  3 quokkas
  3 ball pythons
  4 bats
  7 frilled lizards
  A quokka zombie (D:5)
  6 rats
  3 rat zombies (D:2)
172 creatures vanquished.

Vanquished Creatures (others)
  A necrophage (D:5)
  A big kobold (D:7)
  A bullfrog (D:6)
  3 howler monkeys (D:7)
  A quasit (D:5)
  10 jellies
  A hound (D:7)
  An orc wizard (D:6)
  A bullfrog skeleton (D:7)
  2 adders (D:6)
  3 orcs (D:8)
  A jackal (D:8)
  6 kobolds (D:7)
32 creatures vanquished.

Grand Total: 204 creatures vanquished

Notes
Turn   | Place    | Note
-------+----------+-------------------------------------------
     0 | D:1      | oldmanjim the Troll Monk began the quest for the Orb.
     0 | D:1      | Reached XP level 1. HP: 22/22 MP: 0/0
   333 | D:1      | Reached XP level 2. HP: 28/29 MP: 1/1
   655 | D:2      | Noticed Jessica
   658 | D:2      | Killed Jessica
   659 | D:2      | Reached XP level 3. HP: 36/36 MP: 2/2
   780 | D:2      | Reached XP level 4. HP: 25/45 MP: 3/3
  1016 | D:2      | Noticed Robin
  1046 | D:2      | Killed Robin
  1186 | D:2      | Noticed Natasha
  1191 | D:2      | Killed Natasha
  1192 | D:2      | Reached skill level 4 in Unarmed Combat
  1207 | D:2      | Found a shimmering altar of Xom.
  1265 | D:2      | Found an ancient bone altar of Kikubaaqudgha.
  1282 | D:2      | Noticed Natasha
  1289 | D:2      | Killed Natasha
  1290 | D:2      | Reached XP level 5. HP: 53/53 MP: 4/4
  1321 | D:2      | Noticed Natasha
  1323 | D:2      | Found a sparkling altar of Nemelex Xobeh.
  1338 | D:2      | Killed Natasha
  1445 | D:2      | Found a glowing silver altar of Zin.
  1549 | D:2      | Found a hazy altar of Hepliaklqana.
  1969 | D:3      | Found a basalt altar of Yredelemnul.
  2408 | D:3      | Found an ornate altar of the Wu Jian Council.
  2408 | D:3      | Found a shimmering blue altar of Sif Muna.
  2430 | D:4      | Reached XP level 6. HP: 59/62 MP: 5/5
  2574 | D:4      | Found a radiant altar of Vehumet.
  2785 | D:4      | Found a hide-covered altar of Uskayaw.
  2904 | D:4      | Reached skill level 5 in Unarmed Combat
  3104 | D:4      | Noticed Ijyb
  3206 | D:4      | Killed Ijyb
  3422 | D:4      | Found a staircase to the Ecumenical Temple.
  3426 | Temple   | Entered the Ecumenical Temple
  3439 | Temple   | Became a worshipper of Jiyva Jurufaro the Shapeless
  3439 | Temple   | Reached * piety under Jiyva
  3439 | Temple   | Reached ** piety under Jiyva
  3659 | D:5      | Entered Level 5 of the Dungeon
  3688 | D:5      | Noticed Sigmund
  3702 | D:5      | Killed Sigmund
  3703 | D:5      | Reached XP level 7. HP: 58/71 MP: 4/6
  3800 | D:5      | Reached skill level 1 in Evocations
  3838 | D:5      | Found Xivub's Assorted Antiques.
  3919 | D:5      | Found Baafomeb's Magic Scroll Shop.
  3951 | D:5      | Bought a scroll of enchant armour for 105 gold pieces
  3951 | D:5      | Bought a scroll of immolation for 49 gold pieces
  3951 | D:5      | Bought a scroll of teleportation for 42 gold pieces
  4040 | D:5      | Found Vearr's Weapon Shoppe.
  4123 | D:5      | Found a broken altar of Ashenzari.
  4173 | D:5      | Found Oguihoz's Gadget Shoppe.
  4186 | D:5      | Found an iron altar of Okawaru.
  4565 | D:6      | Reached XP level 8. HP: 79/79 MP: 7/7
  4565 | D:6      | Noticed Edmund
  4572 | D:6      | Killed Edmund
  4573 | D:6      | Reached skill level 5 in Fighting
  4573 | D:6      | Reached skill level 5 in Dodging
  4573 | D:6      | Reached skill level 6 in Unarmed Combat
  4830 | D:6      | Reached *** piety under Jiyva
  4830 | D:6      | Gained mutation: Your body has grown golden eyes which may
                  | confuse attackers. (Acc +3) [Jiyva's grace]
  5421 | D:7      | Reached skill level 7 in Unarmed Combat
  5422 | D:7      | Reached **** piety under Jiyva
  5459 | D:7      | Gained mutation: Your translucent skin slightly reduces
                  | your foes' accuracy. (Stealth) [Jiyva's grace]
  5607 | D:7      | HP: 2/80 [yak (4)]
  5609 | D:7      | Reached XP level 9. HP: 3/88 MP: 1/8
  5610 | D:7      | Reached skill level 8 in Unarmed Combat
  5665 | D:7      | Noticed Prince Ribbit
  5794 | D:7      | Gained mutation: You heal very quickly. [Jiyva's grace]
  5876 | D:7      | Reached ***** piety under Jiyva
  5968 | D:7      | Killed Prince Ribbit
  5995 | D:7      | Got a smoking trident
  6151 | D:7      | Identified the +9 trident of the Seven Songs {freeze, rC+
                  | Str+3 Int+3 Dex+2} (You found it on level 7 of the Dungeon)
  6254 | D:8      | Reached skill level 5 in Evocations
  6351 | D:8      | Noticed a two-headed ogre
  6365 | D:8      | Mangled by a two-headed ogre

Illustrated notes

Levels and vault maps discovered:
D:1:      sevenhm_arrival_forest_fort_large_2, layout_rooms, serial_rivers,
          chequers_serial_rivers_micro_c, chequers_serial_rivers_room_b,
          chequers_serial_rivers_micro_c, chequers_serial_rivers_small_a,
          chequers_serial_rivers_small_b
D:2:      layout_basic, marbit_many_paths, lemuel_round_altar, zin_scriptorium,
          lemuel_zombie_altar_kikubaaqudgha, nemelex_altar_shiori, uniq_natasha,
          uniq_robin, uniq_jessica
D:3:      layout_loops_ring, yredelemnul_altar_generic,
          gammafunk_temple_overflow_wave, hangedman_decor_push
D:4:      kennysheep_goblin_castle, layout_loops_ring, lemuel_crystal_altar,
          overflow_temple_1_default, temple_hall_moat
D:5:      layout_gridville, cheibrodos_ashenzari_chains, serial_shops, shop,
          shop, shop, minmay_shop_grid_forest, hangedman_decor_riveting,
          okawaru_trees_1, uniq_sigmund
D:6:      layout_loops_ring, uniq_edmund
D:7:      layout_basic, uniq_prince_ribbit1
D:8:      layout_rooms, jmf_multi_god_temple, uniq_psyche
Temple:   pf_slimified_temple

Skill      XL: |  1  2  3  4  5  6  7  8  9 |
---------------+----------------------------+-----
Fighting       | 3 4 5 |  5.0
Dodging        | 3 4 5 |  5.0
Unarmed Combat | 4 5 7 8 |  8.7
Evocations     | 1 4 5 |  5.1
Stealth        | |  1.0

Action                   |  1- 3 |  4- 6 |  7- 9 || total
-------------------------+-------+-------+-------++-------
Melee: Unarmed           |    55 |   273 |   262 ||   590
       Punch             |     1 |     4 |     9 ||    14
  Use: Scroll            |       |    14 |     3 ||    17
 Stab: Sleeping          |     1 |     6 |     4 ||    11
       Confused          |       |       |     3 ||     3
Armor: Robe              |    21 |    92 |    60 ||   173
Dodge: Dodged            |    24 |   161 |   146 ||   331
